Golden Knights vs Canucks (R4)

Created - 7 janvier 2021 at 21:28

Goals
1 2 3 T
Golden Knights 0 1 0 1
Canucks 0 3 3 6
Shots
1 2 3 T
Golden Knights 10 12 8 30
Canucks 9 14 22 45

1st period

No Goal

Penalties :
Anthony Beauvillier (VGK) for Tripping (Minor) at 12:27, Carey Price (VAN) for Slashing (Double Minor) at 15:08 - Jake Virtanen served the penalty.

2nd period

1. Canucks , Jake Virtanen 7 (Kevin Hayes 17, Ryan O'Reilly 22) at 11:30
2. Canucks , Ryan Ellis 7 (Kevin Hayes 18) at 14:11
3. Golden Knights , Riley Sheahan 4 (Marcus Foligno 4, Miro Heiskanen 18) at 15:03
4. Canucks , Kevin Hayes 16 (Ryan Ellis 19, Ryan O'Reilly 23) at 15:39

Penalties :
Ron Hainsey (VAN) for Holding (Minor) at 11:33, Jake Virtanen (VAN) for Roughing (Minor) at 18:52

3rd period

5. Canucks , Brayden Point 12 (Anthony Duclair 10) at 3:09
6. Canucks , Ryan Ellis 8 (Kevin Hayes 19, Jake Virtanen 8) at 14:18 (PP)
7. Canucks , Alex Pietrangelo 8 (Ryan Ellis 20, Jake Virtanen 9) at 17:44

Penalties :
Zach Werenski (VGK) for Slashing (Minor) at 4:09, Tomas Hertl (VGK) for Tripping (Minor) at 11:44, Nikita Zaitsev (VGK) for Hooking (Minor) at 13:56

Goalie Stats

Ilya Samsonov (VGK), 39 saves from 45 shots - (0,867), L, 10-5-3, 60:00 minutes
Carey Price (VAN), 29 saves from 30 shots - (0,967), W, 18-14-2, 60:00 minutes

Players Stats for Golden Knights

Player Name              G  A  P  +/- PIM S  H  SB GA TA FO     MP     PP MP  PK MP  
------------------------------------------------------------------------------------
Alex Steen               0  0  0   0  0   0  1  0  0  0  1/2    10:33   0:50   3:54 
Anthony Beauvillier      0  0  0  -1  2   3  1  0  0  0  1/2    15:38   3:59   0:03 
Artemi Panarin           0  0  0  -3  0   7  1  0  0  0  1/1    19:44   3:34   0:10 
Calle Jarnkrok           0  0  0  -1  0   1  0  0  0  0  2/7    13:59   0:00   2:22 
Claude Giroux            0  0  0  -3  0   2  0  0  0  0  14/27  20:30   3:24   0:00 
Devon Toews              0  0  0  -1  0   0  0  0  0  0  0/0    14:33   2:41   0:00 
Jake Guentzel            0  0  0  -3  0   2  1  0  0  0  0/1    19:38   3:38   0:00 
Marcus Foligno           0  1  1   0  0   0  1  0  0  0  0/0     7:05   0:00   2:15 
Mathew Barzal            0  0  0   0  0   3  0  0  0  0  0/1    16:41   3:24   0:00 
Mathew Dumba             0  0  0  -1  0   2  2  0  0  0  0/0    20:21   1:27   3:08 
Miro Heiskanen           0  1  1  -2  0   3  3  0  0  0  0/0    25:06   3:49   3:11 
Nico Hischier            0  0  0   0  0   0  0  0  0  0  0/1     1:17   0:00   0:00 
Nikita Zaitsev           0  0  0  -1  2   0  0  2  0  0  0/0    13:32   0:33   1:08 
Riley Sheahan            1  0  1  -1  0   4  0  0  0  0  16/28  18:44   1:45   3:54 
Tomas Hertl              0  0  0   0  2   1  1  0  0  0  7/15   16:33   3:17   0:00 
Tyson Barrie             0  0  0  -1  0   0  0  2  0  0  0/0    22:29   3:35   3:08 
Viktor Arvidsson         0  0  0   0  0   0  1  0  0  0  1/1    13:17   0:00   0:00 
Zach Werenski            0  0  0  -2  2   2  3  1  0  0  0/0    23:57   3:49   2:03 

Players Stats for Canucks

Player Name              G  A  P  +/- PIM S  H  SB GA TA FO     MP     PP MP  PK MP  
------------------------------------------------------------------------------------
Aaron Ekblad             0  0  0   0  0   0  0  0  0  0  0/0    15:29   0:00   3:52 
Alex Pietrangelo         1  0  1   4  0   4  1  1  0  0  0/0    24:53   2:54   4:01 
Anthony Duclair          0  1  1   1  0   1  1  0  0  0  0/1    15:43   0:00   0:28 
Blake Coleman            0  0  0   0  0   3  7  0  0  0  0/0    16:39   3:06   3:55 
Boone Jenner             0  0  0  -1  0   1  1  0  0  0  9/17   13:14   3:13   3:34 
Brayden Point            1  0  1   1  0   6  1  0  0  0  16/28  18:21   3:06   0:00 
Chris Tierney            0  0  0   0  0   3  0  0  0  0  8/18   13:33   0:00   3:55 
Craig Smith              0  0  0  -1  0   1  0  0  0  0  0/2     6:27   0:00   0:00 
Jake Muzzin              0  0  0   0  0   0  4  1  0  0  0/0    15:51   0:00   4:14 
Jake Virtanen            1  2  3   4  2   2  1  0  0  0  0/2    17:36   3:13   0:00 
Kevin Hayes              1  3  4   4  0   5  0  0  0  0  0/0    17:37   3:13   0:00 
Mitch Marner             0  0  0   1  0   4  1  0  0  0  0/1    18:21   3:06   0:00 
Morgan Rielly            0  0  0   0  0   3  1  3  0  0  0/0    19:23   2:54   0:20 
Ron Hainsey              0  0  0   0  2   1  2  1  0  0  0/0    18:46   0:00   2:38 
Ryan Ellis               2  2  4   4  0   4  0  0  0  0  0/0    22:12   3:25   0:49 
Ryan O'Reilly            0  2  2   4  0   0  0  0  0  0  9/14   18:17   3:25   0:28 
Tanner Pearson           0  0  0   0  0   6  0  2  0  0  0/0    13:12   0:00   3:34 
Zach Sanford             0  0  0  -1  0   1  0  0  0  0  1/3     6:27   0:00   0:00 

3 Stars

1 - Ryan Ellis (VAN)
2 - Kevin Hayes (VAN)
3 - Jake Virtanen (VAN)

Power Play

Golden Knights - 0 on 3 Attempt(s) - 0,00%
Canucks - 1 on 4 Attempt(s) - 25,00%

Penalty Kill

Golden Knights - 3 on 4 Attempt(s) - 75,00% - Score 0 goal in Penalty Kill
Canucks - 3 on 3 Attempt(s) - 100,00% - Score 0 goal in Penalty Kill

Team Stat

Golden Knights - Hits : 15 - Faceoff Wins : 43 - Blocked Shots : 5 - Penalty Minutes : 8
Canucks - Hits : 20 - Faceoff Wins : 43 - Blocked Shots : 8 - Penalty Minutes : 8

Official

Referees : Frederick L'Ecuyer and Jean Hebert
Linesman : Kyle Larson and Glen Cooke

Game Notes

Nico Hischier is injured at 6:57 of 1st period (Sprained Right Knee)

Finance

Level 1 -- Attendance: 6500 (100,00%) -- Ticket Income 715 000 $
Level 2 -- Attendance: 4916 (98,32%) -- Ticket Income 368 700 $
Level 3 -- Attendance: 3019 (86,26%) -- Ticket Income 166 045 $
Level 4 -- Attendance: 2814 (96,70%) -- Ticket Income 112 560 $
Luxury Box -- Attendance: 899 (89,90%) -- Ticket Income 178 901 $
Game was played at the Rogers Arena.
Total Attendance: 18148 (95,97%)
Total Ticket Income: 1 541 206 $
Other Income: 755 191 $
Total Income: 2 296 397 $

% Time on Ice - Golden Knights

Lines # - Real PCT - Wanted PCT - Time Play
Normal Forward
1 - 35% - 35% - 16:00
2 - 29% - 30% - 13:17
3 - 25% - 25% - 11:37
4 - 11% - 10% - 4:50
Normal Defense
1 - 40% - 45% - 18:06
2 - 34% - 35% - 15:46
3 - 26% - 20% - 11:52
4 - 0% - 0% - 0:00
PP Forward
1 - 50% - 55% - 3:58
2 - 50% - 45% - 3:59
PP Defense
1 - 48% - 60% - 3:49
2 - 52% - 40% - 4:08
PK Forward
1 - 64% - 60% - 4:04
2 - 36% - 40% - 2:15
PK Defense
1 - 50% - 60% - 3:11
2 - 50% - 40% - 3:08
PK3 Forward
1 - 0% - 60%
2 - 0% - 40%
PK3 Defense
1 - 0% - 60%
2 - 0% - 40%
44 Forward
1 - 0% - 55%
2 - 0% - 45%
44 Defense
1 - 0% - 60%
2 - 0% - 40%
Last Minute Offensive  - 0:00
Last Minute Defensive  - 0:00
Total
Forward - 60:00
Defense - 60:00

% Time on Ice - Canucks

Lines # - Real PCT - Wanted PCT - Time Play
Normal Forward
1 - 31% - 35% - 14:24
2 - 33% - 35% - 15:15
3 - 21% - 20% - 9:38
4 - 14% - 10% - 6:27
Normal Defense
1 - 39% - 45% - 17:58
2 - 35% - 37% - 16:09
3 - 25% - 18% - 11:37
4 - 0% - 0% - 0:00
PP Forward
1 - 49% - 55% - 3:06
2 - 51% - 45% - 3:13
PP Defense
1 - 54% - 50% - 3:25
2 - 46% - 50% - 2:54
PK Forward
1 - 51% - 50% - 4:02
2 - 49% - 50% - 3:55
PK Defense
1 - 59% - 50% - 4:41
2 - 41% - 50% - 3:16
PK3 Forward
1 - 0% - 60%
2 - 0% - 40%
PK3 Defense
1 - 0% - 60%
2 - 0% - 40%
44 Forward
1 - 0% - 60%
2 - 0% - 40%
44 Defense
1 - 0% - 60%
2 - 0% - 40%
Last Minute Offensive  - 0:00
Last Minute Defensive  - 0:00
Total
Forward - 60:00
Defense - 60:00

Play-by-Play

1st period


0:01 of 1st period - Ryan O'Reilly wins face-off versus Claude Giroux in neutral zone.
0:03 of 1st period - Off-side.
0:04 of 1st period - Viktor Arvidsson wins face-off versus Anthony Duclair in neutral zone.
0:19 of 1st period - Mathew Barzal is hit by Mitch Marner and loses puck.
1:19 of 1st period - Kevin Hayes is hit by Miro Heiskanen and loses puck.
1:39 of 1st period - Icing by Claude Giroux.
1:40 of 1st period - Claude Giroux wins face-off versus Chris Tierney in Golden Knights zone.
1:40 of 1st period - Claude Giroux is hit by Blake Coleman.
1:51 of 1st period - Artemi Panarin is hit by Jake Muzzin.
2:21 of 1st period - Shot by Chris Tierney.
2:21 of 1st period - Shot Misses the Net.
2:49 of 1st period - Shot by Calle Jarnkrok.
2:49 of 1st period - Stopped by Carey Price without a rebound.
2:50 of 1st period - Riley Sheahan wins face-off versus Brayden Point in Canucks zone.
3:09 of 1st period - Shot by Mathew Dumba.
3:09 of 1st period - Stopped by Carey Price without a rebound.
3:10 of 1st period - Ryan O'Reilly wins face-off versus Nico Hischier in Canucks zone.
3:20 of 1st period - Shot by Anthony Beauvillier.
3:20 of 1st period - Stopped by Carey Price with a rebound.
3:30 of 1st period - Morgan Rielly is hit by Anthony Beauvillier.
3:40 of 1st period - Shot by Calle Jarnkrok.
3:40 of 1st period - Shot Blocked by Ron Hainsey.
3:42 of 1st period - Shot by Anthony Beauvillier.
3:42 of 1st period - Stopped by Carey Price without a rebound.
3:43 of 1st period - Brayden Point wins face-off versus Tomas Hertl in Canucks zone.
4:09 of 1st period - Shot by Tomas Hertl.
4:09 of 1st period - Shot Hit the Post.
6:44 of 1st period - Anthony Beauvillier is hit by Jake Muzzin and loses puck.
6:51 of 1st period - Shot by Nico Hischier.
6:51 of 1st period - Deflect By Anthony Beauvillier.
6:51 of 1st period - Shot Blocked by Tanner Pearson.
6:53 of 1st period - Shot by Nico Hischier.
6:53 of 1st period - Shot Misses the Net.
6:56 of 1st period - Nico Hischier is hit by Jake Muzzin and loses puck.
6:57 of 1st period - Nico Hischier from Golden Knights is injured at 6:57 of 1st period (Sprained Right Knee).
6:58 of 1st period - Claude Giroux wins face-off versus Boone Jenner in Canucks zone.
7:06 of 1st period - Icing by Ryan Ellis.
7:07 of 1st period - Claude Giroux wins face-off versus Craig Smith in Canucks zone.
7:47 of 1st period - Shot by Jake Guentzel.
7:47 of 1st period - Stopped by Carey Price without a rebound.
7:48 of 1st period - Ryan O'Reilly wins face-off versus Claude Giroux in Canucks zone.
7:53 of 1st period - Calle Jarnkrok is hit by Jake Virtanen and loses puck.
10:36 of 1st period - Shot by Boone Jenner.
10:36 of 1st period - Shot Misses the Net.
11:31 of 1st period - Miro Heiskanen is hit by Jake Muzzin and loses puck.
11:40 of 1st period - Shot by Mitch Marner.
11:40 of 1st period - Stopped by Ilya Samsonov without a rebound.
11:41 of 1st period - Chris Tierney wins face-off versus Alex Steen in Golden Knights zone.
12:07 of 1st period - Artemi Panarin is hit by Morgan Rielly and loses puck.
12:10 of 1st period - Shot by Devon Toews.
12:10 of 1st period - Deflect By Artemi Panarin.
12:10 of 1st period - Stopped by Carey Price without a rebound.
12:11 of 1st period - Brayden Point wins face-off versus Riley Sheahan in Canucks zone.
12:27 of 1st period - Minor Penalty to Anthony Beauvillier for Tripping.
12:28 of 1st period - Boone Jenner wins face-off versus Riley Sheahan in Golden Knights zone.
12:53 of 1st period - Shot by Boone Jenner.
12:53 of 1st period - Shot Misses the Net.
12:55 of 1st period - Shot by Boone Jenner.
12:55 of 1st period - Stopped by Ilya Samsonov without a rebound.
12:56 of 1st period - Brayden Point wins face-off versus Riley Sheahan in Golden Knights zone.
13:01 of 1st period - Shot by Alex Pietrangelo.
13:01 of 1st period - Shot Misses the Net.
13:19 of 1st period - Shot by Alex Pietrangelo.
13:19 of 1st period - Shot Misses the Net.
13:21 of 1st period - Shot by Brayden Point.
13:21 of 1st period - Stopped by Ilya Samsonov without a rebound.
13:22 of 1st period - Boone Jenner wins face-off versus Calle Jarnkrok in Golden Knights zone.
13:29 of 1st period - Shot by Kevin Hayes.
13:29 of 1st period - Stopped by Ilya Samsonov without a rebound.
13:30 of 1st period - Boone Jenner wins face-off versus Riley Sheahan in Golden Knights zone.
13:48 of 1st period - Shot by Ryan Ellis.
13:48 of 1st period - Stopped by Ilya Samsonov without a rebound.
13:49 of 1st period - Brayden Point wins face-off versus Calle Jarnkrok in Golden Knights zone.
13:50 of 1st period - Shot by Morgan Rielly.
13:50 of 1st period - Stopped by Ilya Samsonov without a rebound.
13:51 of 1st period - Calle Jarnkrok wins face-off versus Brayden Point in Golden Knights zone.
14:06 of 1st period - Shot by Alex Pietrangelo.
14:06 of 1st period - Stopped by Ilya Samsonov without a rebound.
14:07 of 1st period - Boone Jenner wins face-off versus Calle Jarnkrok in Golden Knights zone.
14:22 of 1st period - Shot by Ryan Ellis.
14:22 of 1st period - Shot Misses the Net.
14:24 of 1st period - Shot by Kevin Hayes.
14:24 of 1st period - Shot Misses the Net.
14:44 of 1st period - Shot by Mitch Marner.
14:44 of 1st period - Shot Misses the Net.
14:54 of 1st period - Shot by Mitch Marner.
14:54 of 1st period - Deflect By Brayden Point.
14:54 of 1st period - Stopped by Ilya Samsonov with a rebound.
14:56 of 1st period - Shot by Anthony Duclair.
14:56 of 1st period - Stopped by Ilya Samsonov without a rebound.
14:57 of 1st period - Ryan O'Reilly wins face-off versus Tomas Hertl in Golden Knights zone.
15:08 of 1st period - Shot by Tomas Hertl.
15:08 of 1st period - Deflect By Mathew Barzal.
15:08 of 1st period - Stopped by Carey Price without a rebound.
15:08 of 1st period - Double Minor Penalty to Carey Price for Slashing.
15:09 of 1st period - Tomas Hertl wins face-off versus Boone Jenner in Canucks zone.
15:12 of 1st period - Shot by Artemi Panarin.
15:12 of 1st period - Shot Misses the Net.
15:14 of 1st period - Shot by Miro Heiskanen.
15:14 of 1st period - Stopped by Carey Price with a rebound.
15:16 of 1st period - Shot by Zach Werenski.
15:16 of 1st period - Shot Blocked by Jake Muzzin.
16:25 of 1st period - Mathew Barzal is hit by Ron Hainsey and loses puck.
16:57 of 1st period - Tomas Hertl is hit by Alex Pietrangelo.
17:39 of 1st period - Shot by Jake Guentzel.
17:39 of 1st period - Stopped by Carey Price without a rebound.
17:40 of 1st period - Boone Jenner wins face-off versus Riley Sheahan in Canucks zone.
18:00 of 1st period - Aaron Ekblad is hit by Jake Guentzel and loses puck.
18:09 of 1st period - Shot by Tyson Barrie.
18:09 of 1st period - Shot Hit the Post.
18:59 of 1st period - Shot by Claude Giroux.
18:59 of 1st period - Stopped by Carey Price without a rebound.
19:00 of 1st period - Boone Jenner wins face-off versus Claude Giroux in Canucks zone.
19:08 of 1st period - Icing by Claude Giroux.
19:09 of 1st period - Riley Sheahan wins face-off versus Ryan O'Reilly in Golden Knights zone.
19:37 of 1st period - Off-side.
19:38 of 1st period - Tomas Hertl wins face-off versus Brayden Point in neutral zone.
Goals for this period are 0 for Golden Knights vs 0 for Canucks.
Shots for this period are 10 for Golden Knights vs 9 for Canucks.

2nd period


0:01 of 2nd period - Claude Giroux wins face-off versus Ryan O'Reilly in neutral zone.
0:12 of 2nd period - Shot by Artemi Panarin.
0:12 of 2nd period - Stopped by Carey Price without a rebound.
0:13 of 2nd period - Brayden Point wins face-off versus Mathew Barzal in Canucks zone.
1:22 of 2nd period - Shot by Artemi Panarin.
1:22 of 2nd period - Shot Blocked by Alex Pietrangelo.
1:24 of 2nd period - Shot by Claude Giroux.
1:24 of 2nd period - Shot Misses the Net.
1:26 of 2nd period - Shot by Miro Heiskanen.
1:26 of 2nd period - Stopped by Carey Price without a rebound.
1:27 of 2nd period - Riley Sheahan wins face-off versus Chris Tierney in Canucks zone.
1:35 of 2nd period - Shot by Riley Sheahan.
1:35 of 2nd period - Stopped by Carey Price without a rebound.
1:36 of 2nd period - Claude Giroux wins face-off versus Boone Jenner in Canucks zone.
1:39 of 2nd period - Shot by Artemi Panarin.
1:39 of 2nd period - Stopped by Carey Price with a rebound.
1:58 of 2nd period - Shot by Claude Giroux.
1:58 of 2nd period - Deflect By Artemi Panarin.
1:58 of 2nd period - Shot Misses the Net.
2:00 of 2nd period - Shot by Zach Werenski.
2:00 of 2nd period - Stopped by Carey Price without a rebound.
2:01 of 2nd period - Riley Sheahan wins face-off versus Ryan O'Reilly in Canucks zone.
2:36 of 2nd period - Shot by Anthony Beauvillier.
2:36 of 2nd period - Shot Misses the Net.
3:46 of 2nd period - Icing by Artemi Panarin.
3:47 of 2nd period - Chris Tierney wins face-off versus Claude Giroux in Golden Knights zone.
3:52 of 2nd period - Shot by Chris Tierney.
3:52 of 2nd period - Stopped by Ilya Samsonov with a rebound.
4:09 of 2nd period - Shot by Tanner Pearson.
4:09 of 2nd period - Stopped by Ilya Samsonov without a rebound.
4:10 of 2nd period - Tomas Hertl wins face-off versus Zach Sanford in Golden Knights zone.
4:25 of 2nd period - Shot by Mathew Barzal.
4:25 of 2nd period - Stopped by Carey Price without a rebound.
4:26 of 2nd period - Brayden Point wins face-off versus Riley Sheahan in Canucks zone.
5:34 of 2nd period - Shot by Jake Virtanen.
5:34 of 2nd period - Shot Blocked by Tyson Barrie.
6:30 of 2nd period - Shot by Tanner Pearson.
6:30 of 2nd period - Stopped by Ilya Samsonov with a rebound.
6:32 of 2nd period - Shot by Chris Tierney.
6:32 of 2nd period - Stopped by Ilya Samsonov without a rebound.
6:33 of 2nd period - Artemi Panarin wins face-off versus Craig Smith in Golden Knights zone.
6:45 of 2nd period - Shot by Artemi Panarin.
6:45 of 2nd period - Stopped by Carey Price with a rebound.
7:55 of 2nd period - Shot by Brayden Point.
7:55 of 2nd period - Shot Hit the Post.
8:31 of 2nd period - Shot by Kevin Hayes.
8:31 of 2nd period - Shot Blocked by Nikita Zaitsev.
10:13 of 2nd period - Shot by Craig Smith.
10:13 of 2nd period - Stopped by Ilya Samsonov without a rebound.
10:14 of 2nd period - Brayden Point wins face-off versus Claude Giroux in Golden Knights zone.
10:15 of 2nd period - Shot by Mitch Marner.
10:15 of 2nd period - Stopped by Ilya Samsonov without a rebound.
10:16 of 2nd period - Brayden Point wins face-off versus Claude Giroux in Golden Knights zone.
10:22 of 2nd period - Mitch Marner is hit by Miro Heiskanen and loses puck.
10:34 of 2nd period - Mitch Marner is hit by Zach Werenski and loses puck.
11:28 of 2nd period - Shot by Jake Virtanen.
11:28 of 2nd period - Shot Misses the Net.
11:30 of 2nd period - Shot by Kevin Hayes.
11:30 of 2nd period - Deflect By Jake Virtanen.
11:30 of 2nd period - Goal by Jake Virtanen - Golden Knights : 0 - Canucks : 1.
11:31 of 2nd period - Riley Sheahan wins face-off versus Chris Tierney in neutral zone.
11:33 of 2nd period - Minor Penalty to Ron Hainsey for Holding.
11:34 of 2nd period - Riley Sheahan wins face-off versus Chris Tierney in Canucks zone.
11:37 of 2nd period - Shot by Anthony Beauvillier.
11:37 of 2nd period - Stopped by Carey Price without a rebound.
11:38 of 2nd period - Riley Sheahan wins face-off versus Chris Tierney in Canucks zone.
11:43 of 2nd period - Shot by Anthony Beauvillier.
11:43 of 2nd period - Shot Misses the Net.
11:45 of 2nd period - Shot by Tyson Barrie.
11:45 of 2nd period - Shot Misses the Net.
13:18 of 2nd period - Icing by Devon Toews.
13:19 of 2nd period - Tomas Hertl wins face-off versus Chris Tierney in Golden Knights zone.
14:01 of 2nd period - Shot by Brayden Point.
14:01 of 2nd period - Stopped by Ilya Samsonov without a rebound.
14:02 of 2nd period - Riley Sheahan wins face-off versus Jake Virtanen in Golden Knights zone.
14:09 of 2nd period - Shot by Ryan Ellis.
14:09 of 2nd period - Stopped by Ilya Samsonov with a rebound.
14:11 of 2nd period - Shot by Ryan Ellis.
14:11 of 2nd period - Goal by Ryan Ellis - Golden Knights : 0 - Canucks : 2.
14:12 of 2nd period - Tomas Hertl wins face-off versus Boone Jenner in neutral zone.
14:59 of 2nd period - Shot by Marcus Foligno.
14:59 of 2nd period - Deflect By Riley Sheahan.
14:59 of 2nd period - Shot Misses the Net.
15:01 of 2nd period - Shot by Marcus Foligno.
15:01 of 2nd period - Deflect By Riley Sheahan.
15:01 of 2nd period - Shot Blocked by Morgan Rielly.
15:03 of 2nd period - Shot by Riley Sheahan.
15:03 of 2nd period - Goal by Riley Sheahan - Golden Knights : 1 - Canucks : 2.
15:04 of 2nd period - Ryan O'Reilly wins face-off versus Jake Guentzel in neutral zone.
15:39 of 2nd period - Shot by Kevin Hayes.
15:39 of 2nd period - Goal by Kevin Hayes - Golden Knights : 1 - Canucks : 3.
15:40 of 2nd period - Brayden Point wins face-off versus Riley Sheahan in neutral zone.
16:01 of 2nd period - Shot by Zach Werenski.
16:01 of 2nd period - Deflect By Anthony Beauvillier.
16:01 of 2nd period - Shot Misses the Net.
16:17 of 2nd period - Anthony Duclair is hit by Miro Heiskanen and loses puck.
16:22 of 2nd period - Shot by Mitch Marner.
16:22 of 2nd period - Stopped by Ilya Samsonov without a rebound.
16:23 of 2nd period - Chris Tierney wins face-off versus Claude Giroux in Golden Knights zone.
16:28 of 2nd period - Shot by Alex Pietrangelo.
16:28 of 2nd period - Shot Blocked by Tyson Barrie.
16:30 of 2nd period - Shot by Blake Coleman.
16:30 of 2nd period - Shot Misses the Net.
16:38 of 2nd period - Shot by Claude Giroux.
16:38 of 2nd period - Shot Blocked by Tanner Pearson.
16:44 of 2nd period - Shot by Tanner Pearson.
16:44 of 2nd period - Stopped by Ilya Samsonov without a rebound.
16:45 of 2nd period - Ryan O'Reilly wins face-off versus Tomas Hertl in Golden Knights zone.
17:51 of 2nd period - Mitch Marner is hit by Zach Werenski and loses puck.
18:09 of 2nd period - Off-side.
18:10 of 2nd period - Riley Sheahan wins face-off versus Chris Tierney in neutral zone.
18:14 of 2nd period - Shot by Riley Sheahan.
18:14 of 2nd period - Stopped by Carey Price without a rebound.
18:15 of 2nd period - Riley Sheahan wins face-off versus Chris Tierney in Canucks zone.
18:51 of 2nd period - Shot by Blake Coleman.
18:51 of 2nd period - Stopped by Ilya Samsonov without a rebound.
18:52 of 2nd period - Claude Giroux wins face-off versus Ryan O'Reilly in Golden Knights zone.
18:52 of 2nd period - Minor Penalty to Jake Virtanen for Roughing.
18:53 of 2nd period - Boone Jenner wins face-off versus Claude Giroux in Canucks zone.
19:06 of 2nd period - Shot by Mathew Barzal.
19:06 of 2nd period - Stopped by Carey Price without a rebound.
19:07 of 2nd period - Chris Tierney wins face-off versus Tomas Hertl in Canucks zone.
19:16 of 2nd period - Shot by Zach Werenski.
19:16 of 2nd period - Shot Misses the Net.
19:36 of 2nd period - Shot by Tomas Hertl.
19:36 of 2nd period - Deflect By Artemi Panarin.
19:36 of 2nd period - Stopped by Carey Price without a rebound.
19:37 of 2nd period - Chris Tierney wins face-off versus Claude Giroux in Canucks zone.
Goals for this period are 1 for Golden Knights vs 3 for Canucks.
Shots for this period are 12 for Golden Knights vs 14 for Canucks.

3rd period


0:01 of 3rd period - Boone Jenner wins face-off versus Claude Giroux in neutral zone.
0:22 of 3rd period - Shot by Zach Werenski.
0:22 of 3rd period - Stopped by Carey Price without a rebound.
0:23 of 3rd period - Anthony Beauvillier wins face-off versus Boone Jenner in Canucks zone.
1:20 of 3rd period - Alex Pietrangelo is hit by Marcus Foligno and loses puck.
3:03 of 3rd period - Icing by Morgan Rielly.
3:04 of 3rd period - Brayden Point wins face-off versus Riley Sheahan in Canucks zone.
3:09 of 3rd period - Shot by Brayden Point.
3:09 of 3rd period - Goal by Brayden Point - Golden Knights : 1 - Canucks : 4.
3:10 of 3rd period - Chris Tierney wins face-off versus Riley Sheahan in neutral zone.
3:35 of 3rd period - Shot by Tanner Pearson.
3:35 of 3rd period - Stopped by Ilya Samsonov without a rebound.
3:36 of 3rd period - Zach Sanford wins face-off versus Claude Giroux in Golden Knights zone.
3:36 of 3rd period - Boone Jenner is hit by Mathew Dumba and loses puck.
3:44 of 3rd period - Tyson Barrie is hit by Ron Hainsey and loses puck.
4:06 of 3rd period - Shot by Zach Sanford.
4:06 of 3rd period - Stopped by Ilya Samsonov without a rebound.
4:07 of 3rd period - Brayden Point wins face-off versus Tomas Hertl in Golden Knights zone.
4:09 of 3rd period - Minor Penalty to Zach Werenski for Slashing.
4:10 of 3rd period - Brayden Point wins face-off versus Riley Sheahan in Golden Knights zone.
4:31 of 3rd period - Shot by Ryan O'Reilly.
4:31 of 3rd period - Deflect By Brayden Point.
4:31 of 3rd period - Stopped by Ilya Samsonov without a rebound.
4:32 of 3rd period - Alex Steen wins face-off versus Boone Jenner in Golden Knights zone.
4:41 of 3rd period - Shot by Morgan Rielly.
4:41 of 3rd period - Stopped by Ilya Samsonov without a rebound.
4:42 of 3rd period - Riley Sheahan wins face-off versus Brayden Point in Golden Knights zone.
4:59 of 3rd period - Shot by Riley Sheahan.
4:59 of 3rd period - Shot Misses the Net.
5:11 of 3rd period - Mitch Marner is hit by Alex Steen and loses puck.
5:23 of 3rd period - Riley Sheahan is hit by Blake Coleman and loses puck.
6:17 of 3rd period - Off-side.
6:18 of 3rd period - Claude Giroux wins face-off versus Brayden Point in neutral zone.
7:13 of 3rd period - Shot by Tomas Hertl.
7:13 of 3rd period - Shot Blocked by Morgan Rielly.
7:29 of 3rd period - Shot by Tomas Hertl.
7:29 of 3rd period - Stopped by Carey Price without a rebound.
7:30 of 3rd period - Ryan O'Reilly wins face-off versus Calle Jarnkrok in Canucks zone.
7:40 of 3rd period - Icing by Miro Heiskanen.
7:41 of 3rd period - Chris Tierney wins face-off versus Riley Sheahan in Golden Knights zone.
8:10 of 3rd period - Icing by Miro Heiskanen.
8:11 of 3rd period - Riley Sheahan wins face-off versus Brayden Point in Golden Knights zone.
8:11 of 3rd period - Riley Sheahan is hit by Anthony Duclair.
8:17 of 3rd period - Shot by Mitch Marner.
8:17 of 3rd period - Deflect By Brayden Point.
8:17 of 3rd period - Shot Misses the Net.
8:34 of 3rd period - Icing by Morgan Rielly.
8:35 of 3rd period - Claude Giroux wins face-off versus Brayden Point in Canucks zone.
8:51 of 3rd period - Brayden Point is hit by Mathew Dumba and loses puck.
9:06 of 3rd period - Shot by Artemi Panarin.
9:06 of 3rd period - Stopped by Carey Price with a rebound.
9:08 of 3rd period - Shot by Tyson Barrie.
9:08 of 3rd period - Shot Misses the Net.
9:12 of 3rd period - Shot by Artemi Panarin.
9:12 of 3rd period - Shot Misses the Net.
9:14 of 3rd period - Shot by Artemi Panarin.
9:14 of 3rd period - Shot Misses the Net.
9:16 of 3rd period - Shot by Claude Giroux.
9:16 of 3rd period - Shot Blocked by Morgan Rielly.
10:00 of 3rd period - Shot by Alex Pietrangelo.
10:00 of 3rd period - Stopped by Ilya Samsonov with a rebound.
10:40 of 3rd period - Anthony Beauvillier is hit by Blake Coleman and loses puck.
11:07 of 3rd period - Shot by Riley Sheahan.
11:07 of 3rd period - Stopped by Carey Price without a rebound.
11:08 of 3rd period - Claude Giroux wins face-off versus Boone Jenner in Canucks zone.
11:11 of 3rd period - Shot by Claude Giroux.
11:11 of 3rd period - Stopped by Carey Price without a rebound.
11:12 of 3rd period - Claude Giroux wins face-off versus Zach Sanford in Canucks zone.
11:19 of 3rd period - Shot by Boone Jenner.
11:19 of 3rd period - Deflect By Craig Smith.
11:19 of 3rd period - Shot Misses the Net.
11:24 of 3rd period - Icing by Mathew Dumba.
11:25 of 3rd period - Claude Giroux wins face-off versus Jake Virtanen in Golden Knights zone.
11:38 of 3rd period - Shot by Tyson Barrie.
11:38 of 3rd period - Shot Misses the Net.
11:42 of 3rd period - Shot by Artemi Panarin.
11:42 of 3rd period - Stopped by Carey Price without a rebound.
11:43 of 3rd period - Brayden Point wins face-off versus Tomas Hertl in Canucks zone.
11:43 of 3rd period - Brayden Point is hit by Tomas Hertl.
11:44 of 3rd period - Minor Penalty to Tomas Hertl for Tripping.
11:45 of 3rd period - Riley Sheahan wins face-off versus Brayden Point in Golden Knights zone.
12:06 of 3rd period - Shot by Mitch Marner.
12:06 of 3rd period - Shot Misses the Net.
12:08 of 3rd period - Shot by Alex Pietrangelo.
12:08 of 3rd period - Stopped by Ilya Samsonov without a rebound.
12:09 of 3rd period - Riley Sheahan wins face-off versus Boone Jenner in Golden Knights zone.
12:09 of 3rd period - Riley Sheahan is hit by Boone Jenner.
12:50 of 3rd period - Shot by Kevin Hayes.
12:50 of 3rd period - Shot Misses the Net.
13:08 of 3rd period - Shot by Mitch Marner.
13:08 of 3rd period - Stopped by Ilya Samsonov with a rebound.
13:23 of 3rd period - Shot by Morgan Rielly.
13:23 of 3rd period - Stopped by Ilya Samsonov without a rebound.
13:24 of 3rd period - Calle Jarnkrok wins face-off versus Brayden Point in Golden Knights zone.
13:24 of 3rd period - Calle Jarnkrok is hit by Blake Coleman.
13:33 of 3rd period - Icing by Alex Pietrangelo.
13:34 of 3rd period - Brayden Point wins face-off versus Calle Jarnkrok in Canucks zone.
13:56 of 3rd period - Minor Penalty to Nikita Zaitsev for Hooking.
13:57 of 3rd period - Boone Jenner wins face-off versus Riley Sheahan in Golden Knights zone.
14:12 of 3rd period - Shot by Jake Virtanen.
14:12 of 3rd period - Stopped by Ilya Samsonov with a rebound.
14:14 of 3rd period - Shot by Kevin Hayes.
14:14 of 3rd period - Stopped by Ilya Samsonov with a rebound.
14:18 of 3rd period - Shot by Ryan Ellis.
14:18 of 3rd period - Goal by Ryan Ellis - Golden Knights : 1 - Canucks : 5.
14:19 of 3rd period - Claude Giroux wins face-off versus Brayden Point in neutral zone.
14:27 of 3rd period - Morgan Rielly is hit by Artemi Panarin and loses puck.
14:49 of 3rd period - Shot by Jake Guentzel.
14:49 of 3rd period - Shot Misses the Net.
14:51 of 3rd period - Shot by Miro Heiskanen.
14:51 of 3rd period - Stopped by Carey Price without a rebound.
14:52 of 3rd period - Tomas Hertl wins face-off versus Ryan O'Reilly in Canucks zone.
15:24 of 3rd period - Shot by Viktor Arvidsson.
15:24 of 3rd period - Shot Misses the Net.
15:26 of 3rd period - Shot by Mathew Dumba.
15:26 of 3rd period - Stopped by Carey Price without a rebound.
15:27 of 3rd period - Chris Tierney wins face-off versus Claude Giroux in Canucks zone.
15:38 of 3rd period - Shot by Tanner Pearson.
15:38 of 3rd period - Stopped by Ilya Samsonov without a rebound.
15:39 of 3rd period - Brayden Point wins face-off versus Anthony Beauvillier in Golden Knights zone.
15:40 of 3rd period - Shot by Mitch Marner.
15:40 of 3rd period - Shot Misses the Net.
15:42 of 3rd period - Shot by Aaron Ekblad.
15:42 of 3rd period - Shot Misses the Net.
15:44 of 3rd period - Shot by Aaron Ekblad.
15:44 of 3rd period - Deflect By Brayden Point.
15:44 of 3rd period - Stopped by Ilya Samsonov without a rebound.
15:45 of 3rd period - Claude Giroux wins face-off versus Brayden Point in Golden Knights zone.
15:45 of 3rd period - Claude Giroux is hit by Brayden Point.
16:26 of 3rd period - Icing by Alex Pietrangelo.
16:27 of 3rd period - Brayden Point wins face-off versus Tomas Hertl in Canucks zone.
16:27 of 3rd period - Brayden Point is hit by Viktor Arvidsson.
16:55 of 3rd period - Shot by Kevin Hayes.
16:55 of 3rd period - Stopped by Ilya Samsonov without a rebound.
16:56 of 3rd period - Riley Sheahan wins face-off versus Chris Tierney in Golden Knights zone.
16:58 of 3rd period - Anthony Beauvillier is hit by Blake Coleman and loses puck.
17:03 of 3rd period - Riley Sheahan is hit by Blake Coleman and loses puck.
17:30 of 3rd period - Shot by Tanner Pearson.
17:30 of 3rd period - Stopped by Ilya Samsonov without a rebound.
17:31 of 3rd period - Ryan O'Reilly wins face-off versus Tomas Hertl in Golden Knights zone.
17:32 of 3rd period - Shot by Kevin Hayes.
17:32 of 3rd period - Shot Misses the Net.
17:34 of 3rd period - Shot by Morgan Rielly.
17:34 of 3rd period - Shot Misses the Net.
17:36 of 3rd period - Shot by Ron Hainsey.
17:36 of 3rd period - Stopped by Ilya Samsonov without a rebound.
17:37 of 3rd period - Ryan O'Reilly wins face-off versus Claude Giroux in Golden Knights zone.
17:37 of 3rd period - Ryan Ellis is hit by Zach Werenski and loses puck.
17:40 of 3rd period - Shot by Jake Virtanen.
17:40 of 3rd period - Shot Misses the Net.
17:42 of 3rd period - Shot by Ryan Ellis.
17:42 of 3rd period - Shot Blocked by Zach Werenski.
17:44 of 3rd period - Shot by Alex Pietrangelo.
17:44 of 3rd period - Goal by Alex Pietrangelo - Golden Knights : 1 - Canucks : 6.
17:45 of 3rd period - Tomas Hertl wins face-off versus Brayden Point in neutral zone.
18:05 of 3rd period - Shot by Tomas Hertl.
18:05 of 3rd period - Shot Hit the Post.
19:07 of 3rd period - Shot by Kevin Hayes.
19:07 of 3rd period - Stopped by Ilya Samsonov without a rebound.
19:08 of 3rd period - Riley Sheahan wins face-off versus Chris Tierney in Golden Knights zone.
19:08 of 3rd period - Riley Sheahan is hit by Blake Coleman.
19:18 of 3rd period - Shot by Blake Coleman.
19:18 of 3rd period - Shot Hit the Post.
19:20 of 3rd period - Shot by Chris Tierney.
19:20 of 3rd period - Shot Misses the Net.
19:24 of 3rd period - Shot by Blake Coleman.
19:24 of 3rd period - Stopped by Ilya Samsonov with a rebound.
19:26 of 3rd period - Shot by Chris Tierney.
19:26 of 3rd period - Shot Misses the Net.
19:28 of 3rd period - Shot by Chris Tierney.
19:28 of 3rd period - Stopped by Ilya Samsonov with a rebound.
19:30 of 3rd period - Shot by Chris Tierney.
19:30 of 3rd period - Shot Blocked by Nikita Zaitsev.
19:44 of 3rd period - Shot by Blake Coleman.
19:44 of 3rd period - Stopped by Ilya Samsonov without a rebound.
19:45 of 3rd period - Claude Giroux wins face-off versus Mitch Marner in Golden Knights zone.
Goals for this period are 0 for Golden Knights vs 3 for Canucks.
Shots for this period are 8 for Golden Knights vs 22 for Canucks.